 Dungeon Crawl Stone Soup version 0.30-a0-43-gbbf338a72c (webtiles) character file.

Game seed: 12117213405362147961

191 IdlyInterested the Covered (level 5, 0/41 HPs)
             Began as a Demonspawn Fighter on Aug 31, 2022.
             Succumbed to a gnoll's poison
             ... on level 3 of the Dungeon.
             The game lasted 00:05:46 (2712 turns).

IdlyInterested the Covered (Demonspawn Fighter)     Turns: 2712, Time: 00:05:46

Health: 0/41       AC: 10    Str: 16    XL:     5   Next: 42%
Magic:  5/5        EV:  8    Int: 10    God:
Gold:   111        SH:  4    Dex: 12    Spells: 4/4 levels left

rFire   + + .      SeeInvis .    a - +0 flail
rCold   + . .      Faith    .    c - +0 buckler
rNeg    . . .      Spirit   .    b - +0 scale mail
rPois   +          Reflect  .    i - +0 helmet
rElec   +          Harm     .    d - +0 cloak
rCorr   +          Rampage  .    (no gloves)
Will    .....                    j - +0 pair of boots
Stlth   ..........               (no amulet)
HPRegen 1.13/turn                f - ring of protection from fire
MPRegen 0.09/turn                (no ring)

@: brilliant, lethally poisoned (0 -> -1), resistant
A: foul stench 1, powered by death 1, weak 1
a: no special abilities


You were on level 3 of the Dungeon.
You visited 1 branch of the dungeon, and saw 3 of its levels.

You collected 111 gold pieces.

Inventory:

Hand Weapons
 a - a +0 flail (weapon)
 t - the +7 trident of Ambiguity {freeze, Dex+3 Stlth+}
   (You found it on level 3 of the Dungeon)

   It freezes those it strikes, dealing additional cold damage.
   It can also slow down cold-blooded creatures.
   Dex:       It affects your dexterity (+3).
   Stlth:     It makes you more stealthy.
Missiles
 e - 21 stones (quivered)
Armour
 b - a +0 scale mail (worn)
 c - a +0 buckler (worn)
 d - a +0 cloak (worn)
 i - a +0 helmet (worn)
 j - a +0 pair of boots (worn)
 l - the +1 robe of Gallantry {rPois rF+ Will+}
   (You found it on level 2 of the Dungeon)

   rF:        It protects you from fire.
   rPois:     It protects you from poison.
   Will:      It increases your willpower.
Magical Staves
 p - a staff of earth
Jewellery
 f - a ring of protection from fire (left hand)
Scrolls
 k - a scroll of teleportation
 m - a scroll of magic mapping {unknown}
 q - a scroll of noise {unknown}
 s - 3 scrolls of blinking {unknown}
 u - a scroll of enchant armour {unknown}
 v - a scroll of amnesia
Potions
 g - a potion of berserk rage {unknown}
 h - 2 potions of brilliance
 n - a potion of magic {unknown}


   Skills:
 + Level 3.3 Fighting
 * Level 4.0 Maces & Flails
 - Level 4.0 Armour
 - Level 2.6 Shields


You had 4 spell levels left.
You didn't know any spells.
Your spell library contained the following spells:

 Spells                   Type           Power      Damage    Failure   Level
 Frozen Ramparts          Ice            0%         1d1       99%         3
 Ice Form                 Ice/Tmut       0%         N/A       100%        4
 Summon Ice Beast         Ice/Summ       0%         N/A       100%        4


Dungeon Overview and Level Annotations

Branches:
Dungeon (3/15)

Altars:


Innate Abilities, Weirdness & Mutations

You may rarely emit foul miasma when damaged in melee.
You regenerate a little health from kills.
You are weak. (Str -2)


Message History

You feel sick.
The gnoll hits you with a +1 spear of venom.
You are more poisoned.
The gnoll hits you with a +0 flail. The gnoll hits you with a +0 spear.
You emit a cloud of foul miasma!
You sock the gnoll!
The gnoll is almost dead.
You feel very sick. You block the gnoll's attack.
The gnoll completely misses you.
The gnoll is engulfed in dark miasma.
The gnoll is poisoned.
The gnoll seems to slow down.
The gnoll hits you but does no damage. x3
The gnoll is engulfed in dark miasma.
The gnoll looks even sicker.
The gnoll seems to slow down.
You block the gnoll's attack.
You closely miss the gnoll.
The gnoll is almost dead.
You feel very sick.
The gnoll hits you with a +1 spear of venom.
* * * LOW HITPOINT WARNING * * *
You are lethally poisoned!
You block the gnoll's attack.
The gnoll is engulfed in dark miasma.
The gnoll looks even sicker.
The gnoll hits you but does no damage.
You hit the gnoll.
You kill the gnoll!
* * * LOW HITPOINT WARNING * * *
You feel very sick.
You kill the gnoll!
The gnoll hits you with a +0 flail.
* * * LOW HITPOINT WARNING * * *
Your Maces & Flails skill increases to level 4!
It was a potion of brilliance.
You feel clever all of a sudden.
You feel very sick. The gnoll hits you with a +0 flail.
* * * LOW HITPOINT WARNING * * *
It was a potion of mutation.
You feel extremely strange.
You feel weaker.
You feel sick. The gnoll closely misses you.
It was a potion of resistance.
You feel protected.
You die...

#.###. ###.###.
#.......
#.....## #.....
#.....
##########
#.....
#....)...#
+.....
##.##..g@....#+
#.....
#......<))......
#.....##
#...########....
...... #. ...
#.#### . # . ..
##. #.


You could see a gnoll.

Vanquished Creatures
  Crazy Yiuf (D:2)
  An orc wizard (D:3)
  3 gnolls (D:3)
  6 adders
  2 worms (D:2)
  A dart slug (D:2)
  3 orcs (D:3)
  4 ball pythons
  4 bats
  3 endoplasms (D:1)
  2 giant cockroaches
  2 goblins
  2 hobgoblins (D:1)
  5 kobolds
  2 quokkas
  5 frilled lizards
  4 rats
50 creatures vanquished.

Notes
Turn   | Place    | Note
-------+----------+-------------------------------------------
     0 | D:1      | IdlyInterested the Demonspawn Fighter began the quest for
                  | the Orb.
     0 | D:1      | Reached XP level 1. HP: 18/18 MP: 1/1
   383 | D:1      | Gained mutation: You may rarely emit foul miasma when
                  | damaged in melee. [demonic ancestry]
   383 | D:1      | Reached XP level 2. HP: 24/24 MP: 2/2
   581 | D:1      | You fall into a shaft and drop 1 floor!
   624 | D:2      | Identified the +1 robe of Gallantry {rPois rF+ Will+}
  1388 | D:2      | Reached XP level 3. HP: 3/29 MP: 3/3
  1744 | D:2      | Found a runed translucent door.
  1745 | D:2      | Noticed Crazy Yiuf
  1908 | D:2      | Reached XP level 4. HP: 35/35 MP: 4/4
  2148 | D:2      | Found a faded altar of an unknown god.
  2498 | D:2      | Killed Crazy Yiuf
  2589 | D:3      | Identified the +7 trident of Ambiguity {freeze, Dex+3
                  | Stlth+}
  2604 | D:3      | Gained mutation: You regenerate a little health from kills.
                  | [demonic ancestry]
  2604 | D:3      | Reached XP level 5. HP: 26/41 MP: 5/5
  2710 | D:3      | HP: 1/41 [gnoll/+0 flail (2)]
  2711 | D:3      | Gained mutation: You are weak. (Str -2) [potion of
                  | mutation]
  2712 | D:3      | Succumbed to a gnoll's poison

Illustrated notes

Levels and vault maps discovered:
D:1:      dpeg_arrival_castle, layout_basic
D:2:      layout_basic, hellmonk_ecumenical_altar_heavens_door,
          uniq_crazy_yiuf_cottage
D:3:      layout_basic, lemuel_doored_altar, zin_purify

Skill      XL: |  1  2  3  4  5 |
---------------+----------------+-----
Maces & Flails | 2 3 4 |  4.0
Armour         | 3 4 |  4.0
Fighting       | |  3.3
Shields        | |  2.6

Action                   |  1- 3 |  4- 6 || total
-------------------------+-------+-------++-------
Melee: Flail             |   105 |    89 ||   194
  Use: Scroll            |     4 |       ||     4
       Potion            |     1 |     4 ||     5
Armor: Scale mail        |    54 |    46 ||   100
Dodge: Dodged            |    49 |    48 ||    97
Block: Buckler           |    19 |    27 ||    46

Table legend: (Time is in decaauts)
 A = Elapsed time spent in this place.
 B = Non-inter-level travel time spent in this place.
 C = Inter-level travel time spent in this place.
 D = Time resting spent in this place.
 E = Time spent auto-exploring this place.
 F = Levels seen in this place.
 G = Mean time per level.
                   A        B        C        D        E       F      G
               +--------+--------+--------+--------+--------+-----+--------+
         Total |   2777 |   2562 |    215 |    395 |   1564 |   3 |  925.7 |
       Dungeon |   2777 |   2562 |    215 |    395 |   1564 |   3 |  925.7 |
               +--------+--------+--------+--------+--------+-----+--------+

Top non-repeatable levels by time:
     D:1: 1348 daAuts
     D:2: 1304 daAuts
     D:3: 124 daAuts
